 Dungeon Crawl Stone Soup version 0.23-a0-767-gdc19b93d68 (webtiles) character file.

8200 lextramoth the Nimble (level 11, -5/81 HPs)
             Began as a Merfolk Summoner on Jan 23, 2019.
             Was a Believer of Wu Jian.
             Slain by a basilisk (8 damage)
             ... on level 1 of the Lair of Beasts on Jan 24, 2019.
             The game lasted 01:53:25 (15009 turns).

lextramoth the Nimble (Merfolk Summoner)           Turns: 15009, Time: 01:53:26

Health: -5/81      AC:  7    Str:  8    XL:     11   Next: 27%
Magic:  19/20      EV:  2    Int: 14    God:    Wu Jian [**....]
Gold:   149        SH:  0    Dex: 19    Spells: 12/22 levels left

rFire    . . .     SeeInvis +   k - +1 rapier
rCold    + + .     Gourm    .   (no shield)
rNeg     + + +     Faith    .   D - +1 robe of Sunlight {rC+ Regen+ SInv} (curse)
rPois    ∞         Spirit   .   v - +1 helmet
rElec    .         Reflect  .   t - +0 cloak
rCorr    .         Harm     .   g - +0 pair of gloves
MR       .....                  (no boots)
Stlth    ++++++....             (no amulet)
HPRegen  0.63/turn              b - ring of protection from cold
MPRegen  0.17/turn              h - ring of stealth

@: petrified
A: change form in water, swift swim, stealthy swim
a: Wall Jump, Renounce Religion


You were on level 1 of the Lair of Beasts.
You worshipped Wu Jian.
Wu Jian was pleased with you.
You were not hungry.

You visited 3 branches of the dungeon, and saw 14 of its levels.

You collected 378 gold pieces.
You spent 229 gold pieces at shops.

Inventory:

Hand Weapons
 k - a +1 rapier (weapon)
 m - a +0 hunting sling
 o - the +9 war axe of Doubt {chop, +Blink rElec rF+ rC- MR++}
   (You found it on level 6 of the Dungeon)

   It inflicts extra damage upon your enemies.
   It protects you from fire.
   It makes you vulnerable to cold.
   It insulates you from electricity.
   It affects your resistance to hostile enchantments.
   It lets you blink.
Missiles
 a - 34 poisoned needles
 e - 273 stones (quivered)
 w - 40 sling bullets
Armour
 g - a +0 pair of gloves (worn)
 p - +1 fire dragon scales
 t - a +0 cloak (worn)
 v - a +1 helmet (worn)
 D - the cursed +1 robe of Sunlight (worn) {rC+ Regen+ SInv}
   (You bought it in a shop on level 5 of the Dungeon)

   It protects you from cold.
   It lets you see invisible.
   It increases your rate of regeneration.
   It has a curse placed upon it.
Jewellery
 b - a ring of protection from cold (left hand)
 d - a +4 ring of dexterity
 h - a ring of stealth (right hand)
Wands
 f - a wand of acid (11)
 A - a wand of flame (13)
Scrolls
 l - a scroll of blinking
 n - 4 scrolls of identify
 r - 3 scrolls of remove curse
 x - 2 scrolls of fear
 y - 2 scrolls of magic mapping
 C - a scroll of noise
 E - a scroll of teleportation
Potions
 j - 4 potions of curing
 q - a potion of flight
 s - a potion of mutation
 z - 3 potions of invisibility
Comestibles
 c - 11 rations
 u - 3 chunks of flesh


   Skills:
 - Level 6.1 Fighting
 - Level 3.4 Short Blades
 + Level 3.0 Axes
 - Level 1.9 Armour
 - Level 11.8 Dodging
 - Level 10.9 Stealth
 - Level 6.1 Spellcasting
 + Level 5.5 Summonings
 + Level 0.0 Air Magic
 - Level 3.0 Evocations


You had 12 spell levels left.
You knew the following spells:

 Your Spells              Type           Power        Failure   Level  Hunger
a - Summon Small Mammal   Summ           ###.         1%          1    None
b - Call Imp              Summ           ###.....     2%          2    #......
c - Call Canine Familiar  Summ           ###.....     4%          3    ###....
d - Summon Lightning Spi  Summ/Air       ##......     45%         4    ####...

Your spell library contained the following spells:

 Spells                   Type           Power        Failure   Level  Hunger
 Summon Guardian Golem    Hex/Summ       ##......     16%         3    ###....
 Summon Ice Beast         Ice/Summ       ##......     45%         4    ####...


Dungeon Overview and Level Annotations

Branches:
Dungeon (12/15)            Temple (1/1) D:7            Lair (1/6) D:10
    Orc: D:9-12

Altars:
Dithmenos
Gozag
Kikubaaqudgha
Makhleb
Ru
Sif Muna
Vehumet
Wu Jian

Shops:
D:5 (%[!   D:8 *

Annotations:
D:3 Grinder, Ijyb
D:5 Duvessa, Menkaure
D:7 1 runed door, guttsta's ghost, novice DsBe
D:8 exclusion: ogre, Gastronok
D:10 Josephine


Message History

Your limbs are stiffening.
Your hound is no longer petrified.
You have turned to stone.
The bullfrog barely misses your hound.
The crocodile bites you but does no damage.
The basilisk bites you!
* * * LOW HITPOINT WARNING * * *
Your hound bites the basilisk but does no damage.
The crocodile bites you!
* * * LOW HITPOINT WARNING * * *
Your hound disappears in a puff of smoke!
The basilisk gazes at you. You resist with some effort.
The crocodile bites you!!
* * * LOW HITPOINT WARNING * * *
The bullfrog completely misses you. The basilisk gazes at you.
You resist with some effort. The crocodile bites you!
* * * LOW HITPOINT WARNING * * *
The bullfrog barely misses you. The basilisk bites you!
You die...

##..#.....# .......
#.....⌠.⌠.. .......
###..#..(.... .......
#...!....>... .......
######.#..........
.......###.#.##.#..#..⌠.⌠..
...........§...............
...........l...............
.......<..@t§....#..#....#.
...........F......#...t..#
..................#........
........>..........##.....#
.....................#..##.
........#####.##.##P......
.......## ###### #.......
....... ....... ...... ...


You could see a basilisk, a crocodile and a bullfrog.

Vanquished Creatures
  2 unseen horrors
  A troll (D:9)
  3 hippogriffs
  3 wraiths (D:10)
  Grum (D:8)
  6 yaks
  A hungry ghost (D:9)
  A water moccasin (D:9)
  2 porcupines
  A hornet zombie (D:6)
  An orc warrior (D:7)
  A phantom (D:9)
  2 sky beasts
  3 ice beasts
  3 ogres
  8 wolves
  5 centaurs
  2 bullfrogs
  A water moccasin skeleton (D:4)
  A wyvern skeleton (D:9)
  3 killer bees (D:8)
  A scorpion (D:9)
  3 jellies (D:9)
  4 howler monkeys (D:7)
  2 crimson imps (D:6)
  3 bullfrog zombies
  A quasit (D:6)
  4 orc priests
  2 hounds
  An iguana (D:6)
  3 bullfrog skeletons
  4 worker ants
  4 orc wizards
  A hound skeleton (D:9)
  A howler monkey skeleton (D:7)
  8 adders
  A shadow imp (D:9)
  An adder skeleton (D:9)
  2 worms (D:2)
  5 leopard geckos
  13 orcs
  7 bats
  4 giant cockroaches
  2 goblins
  5 hobgoblins
  11 jackals
  3 kobolds
  6 quokkas
  A ball python (D:2)
  3 frilled lizards
  A leopard gecko skeleton (D:7)
  A quokka zombie (D:7)
  12 rats
171 creatures vanquished.

Vanquished Creatures (collateral kills)
  A two-headed ogre (D:6)
  A wyvern (D:9)
  Eustachio (D:5)
  Edmund (D:5)
  An ice beast (D:7)
  A sky beast (D:5)
  2 ogres
  A crocodile (D:7)
  A bullfrog (D:9)
  A scorpion (D:5)
  A crimson imp (D:5)
  A hound (D:5)
  3 orc priests
  2 bullfrog skeletons
  An orc wizard (D:6)
  4 worker ants
  A hound skeleton (D:4)
  Robin (D:3)
  3 adders
  4 gnolls (D:5)
  A howler monkey skeleton (D:7)
  An adder zombie (D:7)
  A worm (D:2)
  5 dart slugs (D:1)
  2 leopard geckos
  10 orcs
  5 giant cockroaches
  15 goblins
  7 hobgoblins
  6 jackals
  2 quokkas
  4 bats
  5 frilled lizards
  3 kobolds
  2 rats
101 creatures vanquished.

Grand Total: 272 creatures vanquished

Notes
Turn   | Place    | Note
-------+----------+-------------------------------------------
     0 | D:1      | lextramoth the Merfolk Summoner began the quest for the
                  | Orb.
     0 | D:1      | Reached XP level 1. HP: 13/13 MP: 3/3
   257 | D:1      | Reached XP level 2. HP: 13/19 MP: 1/5
   348 | D:1      | Learned a level 2 spell: Call Imp
   832 | D:1      | Reached XP level 3. HP: 18/24 MP: 0/6
  1813 | D:2      | Reached XP level 4. HP: 24/31 MP: 5/8
  2139 | D:2      | Reached skill level 3 in Dodging
  2230 | D:2      | Reached skill level 1 in Short Blades
  2878 | D:3      | Found a burning altar of Makhleb.
  2931 | D:3      | Found a shadowy altar of Dithmenos.
  3160 | D:3      | Noticed Robin
  3166 | D:3      | Noticed Grinder
  3181 | D:3      | Killed Robin
  3242 | D:3      | Reached XP level 5. HP: 16/36 MP: 2/9
  4415 | D:3      | Noticed Ijyb
  4609 | D:4      | Reached skill level 5 in Summonings
  4684 | D:4      | Learned a level 3 spell: Call Canine Familiar
  5221 | D:4      | Reached skill level 4 in Dodging
  5221 | D:4      | Reached XP level 6. HP: 13/42 MP: 4/11
  5998 | D:5      | Entered Level 5 of the Dungeon
  6076 | D:5      | Noticed Duvessa
  6154 | D:5      | Noticed Menkaure
  6340 | D:5      | Found Zyuhef's Armour Shoppe.
  6340 | D:5      | Noticed Edmund
  6682 | D:5      | Noticed Eustachio
  6703 | D:5      | Killed Eustachio
  6703 | D:5      | Reached skill level 5 in Dodging
  6703 | D:5      | Reached XP level 7. HP: 31/47 MP: 3/13
  7221 | D:5      | Found Lileu's Distillery.
  7257 | D:5      | Killed Edmund
  7432 | D:5      | Found Xocaj's Weapon Boutique.
  7435 | D:5      | Found Xymnad's Food Emporium.
  7865 | D:6      | Reached skill level 6 in Dodging
  7959 | D:5      | Reached skill level 5 in Spellcasting
  8097 | D:5      | Reached XP level 8. HP: 33/53 MP: 8/15
  8467 | D:6      | Noticed a two-headed ogre
  8832 | D:6      | Reached skill level 1 in Fighting
  8838 | D:6      | Got a fine war axe
  8869 | D:5      | Identified the +9 war axe of Doubt {chop, +Blink rElec rF+
                  | rC- MR++} (You found it on level 6 of the Dungeon)
  8977 | D:6      | Reached skill level 7 in Dodging
  9003 | D:6      | Found a radiant altar of Vehumet.
  9052 | D:6      | Reached skill level 5 in Stealth
  9194 | D:6      | Killed a two-headed ogre
  9738 | D:7      | Found a staircase to the Ecumenical Temple.
  9743 | Temple   | Entered the Ecumenical Temple
  9757 | Temple   | Became a worshipper of the Wu Jian Council
  9831 | D:7      | Found a runed door.
  9833 | D:7      | Noticed guttsta's ghost (novice DsBe)
  9960 | D:7      | Reached skill level 8 in Dodging
  9960 | D:7      | Reached XP level 9. HP: 67/67 MP: 11/16
 10286 | D:7      | Found a sacrificial altar of Ru.
 11273 | D:5      | Bought the cursed +1 robe of Sunlight {rC+ Regen+ SInv} for
                  | 229 gold pieces
 11402 | D:8      | Reached skill level 9 in Dodging
 11427 | D:8      | Noticed Gastronok
 11464 | D:8      | Reached * piety under Wu Jian
 11477 | D:8      | Found Gozag's Platinum Reserve.
 11481 | D:8      | Found an opulent altar of Gozag.
 11612 | D:8      | Reached skill level 1 in Evocations
 11656 | D:8      | Noticed Grum
 11668 | D:8      | Killed Grum
 11668 | D:8      | Reached XP level 10. HP: 62/73 MP: 19/19
 11941 | D:9      | Reached skill level 10 in Dodging
 12088 | D:9      | Noticed a two-headed ogre
 12698 | D:9      | Reached ** piety under Wu Jian
 12769 | D:9      | Reached skill level 10 in Stealth
 13159 | D:10     | Entered Level 10 of the Dungeon
 13228 | D:10     | Found a staircase to the Lair.
 13246 | D:9      | Reached skill level 11 in Dodging
 13423 | D:10     | Reached skill level 5 in Fighting
 13423 | D:10     | Reached skill level 1 in Armour
 13515 | D:10     | Noticed an unseen horror
 13539 | D:10     | Killed an unseen horror
 13645 | D:10     | You fall through a shaft for 2 floors!
 13660 | D:11     | Noticed an unseen horror
 13669 | D:12     | Killed an unseen horror
 13669 | D:12     | Reached skill level 1 in Axes
 13669 | D:12     | Reached XP level 11. HP: 68/81 MP: 20/20
 13670 | D:12     | Noticed a deep elf mage
 14141 | D:10     | Noticed Josephine
 14241 | Lair:1   | Entered Level 1 of the Lair of Beasts
 14241 | Lair:1   | Noticed an eight-headed hydra
 14967 | Lair:1   | Learned a level 4 spell: Summon Lightning Spire
 15008 | Lair:1   | HP: 3/81 [crocodile (6)]
 15009 | Lair:1   | Slain by a basilisk

Vault maps used:
D:1:      dpeg_arrival_triangle_fractal, minmay_strange_pillars
D:2:      minmay_angry_zag
D:3:      lightli_temple_of_fire, lemuel_coloured_pillars_altar, first_ration,
          uniq_ijyb, uniq_robin, uniq_grinder
D:4:      minmay_inner_zag
D:5:      serial_shops, nicolae_shop_competitors_out_of_business, shop, shop,
          nicolae_shop_competitors_out_of_business,
          chequers_serial_rivers_micro_b, uniq_duvessa, uniq_eustachio,
          uniq_menkaure, uniq_edmund
D:6:      lemuel_doored_altar
D:7:      minmay_chambers_of_fours, kennysheep_mini, minmay_temple_entry_grid,
          ebering_ghost_reflecting_pool, minmay_increasing_density
D:8:      nicolae_gozag_zags_fifth_avenue, uniq_grum, uniq_gastronok
D:9:      dk_rats_in_the_wall
D:10:     lair_entry_dummy, grunt_ogre_cave, uniq_josephine
D:11:     orc_0_dummy, serial_shops, nicolae_shop_window_shopping, minmay_bent
D:12:     minmay_misc_feat_roman, kennysheep_kite_vault
Temple:   minmay_crystal_spiral_temple
Lair:1:   minmay_guarded_unrand_snakebite, basic_altar, grunt_megastairs_2,
          uniq_harold

Skill      XL: |  1  2  3  4  5  6  7  8  9 10 11 |
---------------+----------------------------------+-----
Dodging        | 3 4 5 6 8 9 11 | 11.8
Short Blades   | 1 2 3 |  3.4
Spellcasting   | 3 4 5 6 |  6.1
Summonings     | 5 |  5.5
Stealth        | 4 6 8 10 | 10.9
Fighting       | 4 5 6 |  6.1
Evocations     | 2 3 |  3.0
Armour         | 1 |  1.9
Axes           | 1 3 |  3.0

Action                   |  1- 3 |  4- 6 |  7- 9 | 10-12 || total
-------------------------+-------+-------+-------+-------++-------
Melee: Club              |    20 |       |       |       ||    20
       Short sword       |    65 |   229 |   158 |    21 ||   473
       War axe           |       |       |    87 |   197 ||   284
       Rapier            |       |       |     7 |     8 ||    15
       Tailslap          |       |       |     1 |       ||     1
 Fire: Hunting sling     |     1 |       |       |       ||     1
Throw: Stone             |       |       |       |     1 ||     1
 Cast: Summon Small Mamm |    61 |    73 |    21 |    48 ||   203
       Call Imp          |       |    45 |    39 |    21 ||   105
       Call Canine Famil |       |     4 |    12 |     5 ||    21
Invok: Lunge             |       |       |    12 |    20 ||    32
       Whirlwind         |       |       |    11 |    43 ||    54
Evoke: Wand              |       |     4 |     1 |       ||     5
  Use: Scroll            |       |     8 |     3 |     8 ||    19
       Potion            |       |     1 |     1 |     1 ||     3
 Stab: Sleeping          |     5 |    16 |    22 |    11 ||    54
       Distracted        |       |       |     6 |     3 ||     9
  Eat: Chunk             |     4 |     8 |    13 |     1 ||    26
       Ration            |       |     3 |     2 |     3 ||     8
Armor: Robe              |    30 |    19 |     8 |    51 ||   108
       Leather armour    |       |    31 |    40 |       ||    71
Dodge: Dodged            |   119 |   191 |   220 |   367 ||   897

Table legend:
 A = Non-vault XP
 B = Vault XP
 C = Vault XP percentage of total XP
 D = Non-vault monster count
 E = Vault monster count
 F = Vault count percentage of total count
                 A         B        C        D         E       F
            +---------+---------+-------+---------+---------+-------
      Total |    9396 |    2319 |  19.8 |     220 |      52 |  19.1
            +---------+---------+-------+---------+---------+-------
        D:1 |      40 |       0 |   0.0 |      32 |       0 |   0.0
        D:2 |      64 |      11 |  14.7 |      31 |       6 |  16.2
        D:3 |      73 |      21 |  22.3 |      24 |      13 |  35.1
        D:4 |     177 |      72 |  28.9 |      13 |       2 |  13.3
        D:5 |     417 |     257 |  38.1 |      22 |       2 |   8.3
        D:6 |     951 |       0 |   0.0 |      20 |       0 |   0.0
        D:7 |     491 |     680 |  58.1 |      15 |      14 |  48.3
        D:8 |    1298 |     509 |  28.2 |      18 |       4 |  18.2
        D:9 |    2743 |       6 |   0.2 |      31 |       6 |  16.2
       D:10 |    2269 |     763 |  25.2 |      12 |       5 |  29.4
       D:12 |     754 |       0 |   0.0 |       1 |       0 |   0.0
     Lair:1 |     119 |       0 |   0.0 |       1 |       0 |   0.0
            +---------+---------+-------+---------+---------+-------
